| TOP OF THE 1ST |
|
Washington State University Cougars batting - Pitching for Pennsylvania State University Nittany Lions : RHP Quincy Potvin
|
|
Pitching: RHP Quincy Potvin
|
|
|
Batting: RHB Rich Griffith
|
0-0: Called Strike 0-1: Swinging Strike 0-2: Ball 1-2: Ball 2-2: Ball 3-2: Strikes out swinging
|
|
Batting: RHB Noe Oliva
|
0-0: Ball 1-0: Ground out 6-3 (Groundball, 6S, EV 83.1 MPH)
|
|
Batting: RHB Jon Chatman
|
0-0: Ball 1-0: Ball 2-0: Ball 3-0: Called Strike 3-1: SINGLE (Line Drive, 3D, EV 108.1 MPH)
|
|
Batting: RHB Miguel Pacheco
|
0-0: Ground out 4-3 (Groundball, 4, EV 83.1 MPH)
|
| Top of the 1st over - 0 runs, 1 hit, 0 errors, 1 left on base; Washington State University 0 - Pennsylvania State University 0 |
| BOTTOM OF THE 1ST |
|
Pennsylvania State University Nittany Lions batting - Pitching for Washington State University Cougars : LHP Ronnie Stoll
|
|
Pitching: LHP Ronnie Stoll
|
|
|
Batting: RHB John Hopkins
|
0-0: Ball 1-0: Ball 2-0: Ball 3-0: Called Strike 3-1: Ball
|
|
Batting: RHB Craig Alvarado
|
0-0: Swinging Strike 0-1: Foul Ball, location: 2F 0-2: Ball 1-2: Ball 2-2: Ball Passed Ball! John Hopkins to second 3-2: Foul Ball, location: 2F 3-2: Foul Ball, location: 2F 3-2: Base on Balls
|
|
Batting: RHB Kaoru Hamada
|
0-0: DOUBLE (Line Drive, 7LM, EV 110.0 MPH) John Hopkins scores Craig Alvarado to third
|
|
Batting: SHB Glenn Harrison
|
0-0: Foul Ball, location: 2F 0-1: Foul Ball, location: 2F 0-2: Strikes out swinging
|
|
Batting: RHB Klaus Brown
|
0-0: Called Strike 0-1: Foul Ball, location: 2F 0-2: Ball 1-2: Ball 2-2: Ball Wild Pitch! Craig Alvarado scores Kaoru Hamada to third 3-2: Strikes out swinging
|
|
Batting: RHB Mike Smith
|
0-0: Called Strike 0-1: Ball 1-1: Swinging Strike 1-2: Ball 2-2: Strikes out looking
|
| Bottom of the 1st over - 2 runs, 1 hit, 0 errors, 1 left on base; Washington State University 0 - Pennsylvania State University 2 |
| TOP OF THE 2ND |
|
Washington State University Cougars batting - Pitching for Pennsylvania State University Nittany Lions : RHP Quincy Potvin
|
|
Batting: LHB Jeremy Rideout
|
0-0: Ground out U3 (Groundball, 3, EV 85.0 MPH)
|
|
Batting: RHB Wilson Salgado
|
0-0: Swinging Strike 0-1: Ball 1-1: Ball 2-1: Foul Ball, location: 2F 2-2: Foul Ball, location: 2F 2-2: Strikes out swinging
|
|
Batting: RHB Eric Kent
|
0-0: Foul Ball, location: 2F 0-1: Ground out 5-3 (Groundball, 56S, EV 85.6 MPH)
|
| Top of the 2nd over - 0 runs, 0 hits, 0 errors, 0 left on base; Washington State University 0 - Pennsylvania State University 2 |
| BOTTOM OF THE 2ND |
|
Pennsylvania State University Nittany Lions batting - Pitching for Washington State University Cougars : LHP Ronnie Stoll
|
|
Batting: RHB Fernando Membreno
|
0-0: Ground out 5-3 (Groundball, 25, EV 82.5 MPH)
|
|
Batting: RHB Jesse Sargent
|
0-0: Ball 1-0: Ball 2-0: Foul Ball, location: 2F 2-1: Foul Ball, location: 2F 2-2: Ball 3-2: Foul Ball, location: 2F 3-2: Strikes out looking
|
|
Batting: RHB Jesus Resendez
|
0-0: Called Strike 0-1: Ball 1-1: Foul Ball, location: 2F 1-2: Ball 2-2: Foul Ball, location: 2F 2-2: Ball 3-2: Strikes out looking
|
| Bottom of the 2nd over - 0 runs, 0 hits, 0 errors, 0 left on base; Washington State University 0 - Pennsylvania State University 2 |
| TOP OF THE 3RD |
|
Washington State University Cougars batting - Pitching for Pennsylvania State University Nittany Lions : RHP Quincy Potvin
|
|
Batting: RHB Leo Lopez
|
0-0: Foul Ball, location: 2F 0-1: Ground out 4-3 (Groundball, 4M, EV 103.8 MPH)
|
|
Batting: RHB Dave Beerman
|
0-0: Ball 1-0: Ball 2-0: Called Strike 2-1: Swinging Strike 2-2: Ball 3-2: Foul Ball, location: 2F 3-2: Ground out 4-3 (Groundball, 4, EV 86.9 MPH)
|
|
Batting: RHB Rich Griffith
|
0-0: Ball 1-0: Ball 2-0: Ball 3-0: Called Strike 3-1: Base on Balls
|
|
Batting: RHB Noe Oliva
|
0-0: Ball 1-0: Fly out, F8 (Line Drive, 8RS, EV 107.5 MPH)
|
| Top of the 3rd over - 0 runs, 0 hits, 0 errors, 1 left on base; Washington State University 0 - Pennsylvania State University 2 |
| BOTTOM OF THE 3RD |
|
Pennsylvania State University Nittany Lions batting - Pitching for Washington State University Cougars : LHP Ronnie Stoll
|
|
Batting: RHB John Hopkins
|
0-0: Ball 1-0: Swinging Strike 1-1: Ball 2-1: Foul Ball, location: 2F 2-2: Strikes out swinging
|
|
Batting: RHB Craig Alvarado
|
0-0: Ball 1-0: Ball 2-0: Foul Ball, location: 2F 2-1: Foul Ball, location: 2F 2-2: Ball 3-2: Foul Ball, location: 2F 3-2: SINGLE (Line Drive, 8LS, EV 86.9 MPH)
|
|
Batting: RHB Kaoru Hamada
|
0-0: Ball 1-0: Fly out, F7 (Flyball, 78M, EV 73.1 MPH)
|
|
Batting: SHB Glenn Harrison
|
0-0: Foul Ball, location: 2F 0-1: Foul Ball, location: 2F 0-2: Foul Ball, location: 2F 0-2: Ball 1-2: Strikes out looking
|
| Bottom of the 3rd over - 0 runs, 1 hit, 0 errors, 1 left on base; Washington State University 0 - Pennsylvania State University 2 |
| TOP OF THE 4TH |
|
Washington State University Cougars batting - Pitching for Pennsylvania State University Nittany Lions : RHP Quincy Potvin
|
|
Batting: RHB Jon Chatman
|
0-0: Ground out 4-3 (Groundball, 4, EV 103.8 MPH)
|
|
Batting: RHB Miguel Pacheco
|
0-0: Ball 1-0: Fly out, F8 (Flyball, 8RM, EV 78.1 MPH)
|
|
Batting: LHB Jeremy Rideout
|
0-0: Called Strike 0-1: Swinging Strike 0-2: DOUBLE (Flyball, 78XD, EV 98.1 MPH)
|
|
Batting: RHB Wilson Salgado
|
0-0: Ball 1-0: Foul Ball, location: 2F 1-1: Called Strike 1-2: Ball 2-2: Ball 3-2: Foul Ball, location: 2F 3-2: Fly out, F9 (Flyball, 89S, EV 91.9 MPH)
|
| Top of the 4th over - 0 runs, 1 hit, 0 errors, 1 left on base; Washington State University 0 - Pennsylvania State University 2 |
| BOTTOM OF THE 4TH |
|
Pennsylvania State University Nittany Lions batting - Pitching for Washington State University Cougars : LHP Ronnie Stoll
|
|
Batting: RHB Klaus Brown
|
0-0: Ball 1-0: Foul Ball, location: 2F 1-1: Swinging Strike 1-2: Ball 2-2: Foul Ball, location: 2F 2-2: Strikes out swinging, 2-3 out at first.
|
|
Batting: RHB Mike Smith
|
0-0: Swinging Strike 0-1: Foul Ball, location: 2F 0-2: Foul Ball, location: 2F 0-2: Strikes out swinging
|
|
Batting: RHB Fernando Membreno
|
0-0: Ball 1-0: Ball 2-0: Foul Ball, location: 2F 2-1: Foul Ball, location: 2F 2-2: DOUBLE (Line Drive, 9LM, EV 105.0 MPH)
|
|
Batting: RHB Jesse Sargent
|
0-0: Swinging Strike 0-1: Ball 1-1: Ground out 6-3 (Groundball, 6M, EV 84.4 MPH)
|
| Bottom of the 4th over - 0 runs, 1 hit, 0 errors, 1 left on base; Washington State University 0 - Pennsylvania State University 2 |
| TOP OF THE 5TH |
|
Washington State University Cougars batting - Pitching for Pennsylvania State University Nittany Lions : RHP Quincy Potvin
|
|
Batting: RHB Eric Kent
|
0-0: Foul Ball, location: 2F 0-1: Ball 1-1: Swinging Strike 1-2: Ground out U3 (Groundball, 3, EV 87.5 MPH)
|
|
Batting: RHB Leo Lopez
|
0-0: Foul Ball, location: 2F 0-1: Fly out, F9 (Flyball, 9D, EV 105.6 MPH)
|
|
Batting: RHB Dave Beerman
|
0-0: Called Strike 0-1: Ball 1-1: Foul Ball, location: 2F 1-2: Strikes out swinging
|
| Top of the 5th over - 0 runs, 0 hits, 0 errors, 0 left on base; Washington State University 0 - Pennsylvania State University 2 |
| BOTTOM OF THE 5TH |
|
Pennsylvania State University Nittany Lions batting - Pitching for Washington State University Cougars : LHP Ronnie Stoll
|
|
Pitching: RHP Willie Becerra
|
|
|
Batting: RHB Jesus Resendez
|
0-0: Ground out 6-3 (Groundball, P, EV 84.4 MPH)
|
|
Batting: RHB John Hopkins
|
0-0: Ball 1-0: Foul Ball, location: 2F 1-1: Called Strike 1-2: Ball 2-2: Foul Ball, location: 2F 2-2: Ball 3-2: Foul Ball, location: 2F 3-2: Base on Balls
|
|
Batting: RHB Craig Alvarado
|
0-0: Called Strike 0-1: Foul Ball, location: 2F 0-2: Strikes out swinging
|
|
Batting: RHB Kaoru Hamada
|
0-0: Called Strike 0-1: Fly out, F6 (Popup, 6, EV 58.8 MPH)
|
| Bottom of the 5th over - 0 runs, 0 hits, 0 errors, 1 left on base; Washington State University 0 - Pennsylvania State University 2 |
| TOP OF THE 6TH |
|
Washington State University Cougars batting - Pitching for Pennsylvania State University Nittany Lions : RHP Quincy Potvin
|
|
Batting: RHB Rich Griffith
|
0-0: Called Strike 0-1: Ball 1-1: Foul Ball, location: 2F 1-2: Foul Ball, location: 2F 1-2: Ball 2-2: Foul Ball, location: 2F 2-2: Strikes out swinging
|
|
Batting: RHB Noe Oliva
|
0-0: Called Strike 0-1: Ground out 4-3 (Groundball, 13, EV 85.0 MPH)
|
|
Batting: RHB Jon Chatman
|
0-0: Ball 1-0: Ball 2-0: DOUBLE (Line Drive, 8LD, EV 103.8 MPH)
|
|
Batting: RHB Miguel Pacheco
|
0-0: Ball 1-0: SINGLE (Line Drive, 89S, EV 98.8 MPH) Jon Chatman to third Runner from 3rd tries for Home, SAFE, throw by RF to home
|
|
Batting: LHB Jeremy Rideout
|
0-0: Ball 1-0: Ball 2-0: SINGLE (Line Drive, 34D, EV 101.9 MPH) Miguel Pacheco to second
|
|
Batting: RHB Wilson Salgado
|
0-0: Ball 1-0: Ball 2-0: SINGLE (Groundball, 6S, EV 67.5 MPH) (infield hit) Miguel Pacheco to third Jeremy Rideout to second
|
|
Pitching: RHP Carsten Kosters
|
|
|
Batting: RHB Eric Kent
|
0-0: Swinging Strike 0-1: Foul Ball, location: 2F 0-2: Strikes out swinging
|
| Top of the 6th over - 1 run, 4 hits, 0 errors, 3 left on base; Washington State University 1 - Pennsylvania State University 2 |
| BOTTOM OF THE 6TH |
|
Pennsylvania State University Nittany Lions batting - Pitching for Washington State University Cougars : RHP Willie Becerra
|
|
Batting: SHB Glenn Harrison
|
0-0: Called Strike 0-1: Ball 1-1: Ball 2-1: Ball 3-1: Foul Ball, location: 2F 3-2: SINGLE (Groundball, 56S, EV 66.9 MPH) (infield hit)
|
|
Batting: RHB Klaus Brown
|
0-0: Foul Ball, location: 2F 0-1: Ball 1-1: Grounds into double play, 5-4-3 (Groundball, 56S, EV 90.6 MPH)
|
|
Batting: RHB Mike Smith
|
0-0: Ball 1-0: Ball 2-0: Called Strike 2-1: Called Strike 2-2: Ground out 5-3 (Groundball, 5S, EV 65.6 MPH)
|
| Bottom of the 6th over - 0 runs, 1 hit, 0 errors, 0 left on base; Washington State University 1 - Pennsylvania State University 2 |
| TOP OF THE 7TH |
|
Washington State University Cougars batting - Pitching for Pennsylvania State University Nittany Lions : RHP Carsten Kosters
|
|
Batting: RHB Leo Lopez
|
0-0: Ball 1-0: Ground out U3 (Groundball, 3S, EV 90.6 MPH)
|
|
Pinch Hitting: RHB Luis Mendoza
|
0-0: Ball 1-0: Swinging Strike 1-1: Ball 2-1: DOUBLE (Line Drive, 89D, EV 113.1 MPH)
|
|
Pinch Hitting: LHB Victor Estrada
|
0-0: Ball Luis Mendoza steals 3rd base (no throw) 1-0: Ball 2-0: Ball 3-0: Base on Balls
|
|
Pinch Hitting: SHB Cedric Sweep
|
0-0: Ball 1-0: Ball 2-0: Ball 3-0: Called Strike 3-1: Called Strike 3-2: Fielders Choice at 2nd, 3-6 (Groundball, 3, EV 85.0 MPH) Luis Mendoza scores
|
|
Batting: RHB Jon Chatman
|
0-0: Ball 1-0: Swinging Strike 1-1: Swinging Strike 1-2: Strikes out looking
|
| Top of the 7th over - 1 run, 1 hit, 0 errors, 1 left on base; Washington State University 2 - Pennsylvania State University 2 |
| BOTTOM OF THE 7TH |
|
Pennsylvania State University Nittany Lions batting - Pitching for Washington State University Cougars : RHP Willie Becerra
|
|
Pitching: LHP Chris Alexopoulos
|
|
|
Now at 2B: Victor Estrada
|
|
|
Now in LF: Eric Peterson
|
|
|
Now in CF: Cedric Sweep
|
|
|
Batting: RHB Fernando Membreno
|
0-0: Ball 1-0: Called Strike 1-1: Foul Ball, location: 2F 1-2: Ball 2-2: Ball 3-2: Foul Ball, location: 2F 3-2: SINGLE (Line Drive, 4D, EV 98.1 MPH)
|
|
Batting: RHB Jesse Sargent
|
0-0: Called Strike 0-1: Ball 1-1: Foul Ball, location: 2F 1-2: Foul Ball, location: 2F 1-2: Ball 2-2: Ball 3-2: Ground out 5-3 (Groundball, 56S, EV 73.8 MPH) Fernando Membreno to second
|
|
Pinch Hitting: RHB Franklin van den Berg
|
0-0: Called Strike 0-1: Ball 1-1: Foul Ball, location: 2F 1-2: Strikes out looking
|
|
Batting: RHB Roberto Medina
|
0-0: Ball 1-0: Called Strike 1-1: Ball 2-1: Ball 3-1: Swinging Strike 3-2: DOUBLE (Line Drive, 78M, EV 95.6 MPH) Fernando Membreno scores
|
|
Batting: RHB Craig Alvarado
|
0-0: Called Strike 0-1: Ball 1-1: Ball 2-1: Called Strike 2-2: Strikes out swinging
|
| Bottom of the 7th over - 1 run, 2 hits, 0 errors, 1 left on base; Washington State University 2 - Pennsylvania State University 3 |
| TOP OF THE 8TH |
|
Washington State University Cougars batting - Pitching for Pennsylvania State University Nittany Lions : RHP Carsten Kosters
|
|
Pitching: RHP Colin Walker
|
|
|
Now in LF: Isaiah Heath
|
|
|
Batting: RHB Miguel Pacheco
|
0-0: Ball 1-0: Foul Ball, location: 2F 1-1: Fly out, F9 (Flyball, 89D, EV 102.5 MPH)
|
|
Batting: LHB Jeremy Rideout
|
0-0: Ball 1-0: Ball 2-0: Ground out 6-3 (Groundball, 4MD, EV 76.9 MPH)
|
|
Batting: RHB Wilson Salgado
|
0-0: Ball 1-0: Called Strike 1-1: Swinging Strike 1-2: Strikes out swinging
|
| Top of the 8th over - 0 runs, 0 hits, 0 errors, 0 left on base; Washington State University 2 - Pennsylvania State University 3 |
| BOTTOM OF THE 8TH |
|
Pennsylvania State University Nittany Lions batting - Pitching for Washington State University Cougars : LHP Chris Alexopoulos
|
|
Pitching: RHP Juan Serrano
|
|
|
Batting: RHB Kaoru Hamada
|
0-0: Ball 1-0: Foul Ball, location: 2F 1-1: SINGLE (Line Drive, 7S, EV 110.0 MPH)
|
|
Batting: SHB Glenn Harrison
|
0-0: Ball 1-0: Called Strike 1-1: Foul Ball, location: 2F 1-2: Fly out, F8 (Flyball, 8LM, EV 94.4 MPH)
|
|
Batting: RHB Klaus Brown
|
0-0: Ball Kaoru Hamada is caught stealing 2nd base 2-4 1-0: Foul Ball, location: 2F 1-1: SOLO HOME RUN (Flyball, 7D, EV 104.4 MPH), Distance : 395 ft
|
|
Batting: RHB Mike Smith
|
0-0: Ball 1-0: Foul Ball, location: 2F 1-1: Called Strike 1-2: Fly out, F9 (Flyball, 9D, EV 95.6 MPH)
|
| Bottom of the 8th over - 1 run, 2 hits, 0 errors, 0 left on base; Washington State University 2 - Pennsylvania State University 4 |
| TOP OF THE 9TH |
|
Washington State University Cougars batting - Pitching for Pennsylvania State University Nittany Lions : RHP Colin Walker
|
|
Pitching: RHP Jerry Romero
|
|
|
Pinch Hitting: RHB Camillo Bonauiti
|
0-0: Foul Ball, location: 2F 0-1: Foul Ball, location: 2F 0-2: Ground out 4-3 (Groundball, 34, EV 104.4 MPH)
|
|
Batting: RHB Leo Lopez
|
0-0: Fly out, F4 (Popup, 3S, EV 80.6 MPH)
|
|
Batting: RHB Eric Peterson
|
0-0: Ball 1-0: Foul Ball, location: 2F 1-1: Called Strike 1-2: Ball 2-2: Strikes out looking
|
| Top of the 9th over - 0 runs, 0 hits, 0 errors, 0 left on base; Washington State University 2 - Pennsylvania State University 4 |
|